[Event "NY Presidents Day Schiller-C 2024"]
[Site "New York"]
[Date "2024.02.17"]
[Round "3.6"]
[White "Meduri, Aakaash"]
[Black "Martin Del Campo Cardenas, Roberto Abel"]
[Result "0-1"]
[ECO "A48"]
[WhiteElo "1956"]
[BlackElo "2205"]
[Annotator "RC"]
[PlyCount "86"]
[EventDate "2024.02.14"]
[EventType "schev"]
[EventCountry "USA"]
[SourceTitle "playchess.com"]
[Source "ChessBase"]
[SourceQuality "1"]
[TimeControl "5400+30"]

1. d4 Nf6 2. Bf4 g6 3. e3 Bg7 4. Be2 d6 5. h3 O-O 6. Nf3 c5 7. c3 Nbd7 8. O-O b6 9. a4 a6 10. Nbd2 Bb7 11. Bh2 Qc7 12. Re1 Bc6 13. Qc2 Qb7 14. b4 cxb4 15. cxb4 Rfc8 16. Qb2 Ne4 17. Nc4 Bd5 18. Rec1 Rc7 19. Bf1 Rac8 20. Ncd2 Nc3 21. Qa3 a5 22. Kh1 Nf6 23. Rc2 Nfe4 24. Bg1 e5 25. bxa5 bxa5 26. Rb2 Qa8 27. Nxe4 Bxe4 28. Nd2 exd4 29. f3 dxe3 30. Nxe4 Nxe4 31. fxe4 Qxe4 32. Re1 Bxb2 33. Qxb2 Rc2 34. Qb5 R8c3 35. Be2 Qe5 36. Qb8+ Rc8 37. Qb7 Qc3 38. Qb1 Qd2 39. Kh2 Rc1 40. Rxc1 Rxc1 41. Qb5 Kg7 42. Qd3 Re1 43. Bxe3 Qxd3 0-1

[Event "NY Presidents Day Schiller-C 2024"]
[Site "New York"]
[Date "2024.02.17"]
[Round "3.7"]
[White "Yoo, Eugene"]
[Black "Podavonov, Alisher"]
[Result "1-0"]
[ECO "E69"]
[WhiteElo "2168"]
[BlackElo "2175"]
[Annotator "RC"]
[PlyCount "109"]
[EventDate "2024.02.14"]
[EventType "schev"]
[EventCountry "USA"]
[SourceTitle "playchess.com"]
[Source "ChessBase"]
[SourceQuality "1"]
[TimeControl "5400+30"]

1. d4 Nf6 2. Nf3 g6 3. g3 Bg7 4. Bg2 O-O 5. c4 d6 6. O-O Nbd7 7. Nc3 e5 8. h3 c6 9. e4 Qb6 10. c5 dxc5 11. dxe5 Ne8 12. e6 fxe6 13. Ng5 Ne5 14. f4 Nf7 15. Nxf7 Bd4+ 16. Kh2 Rxf7 17. e5 Nc7 18. Ne4 Bd7 19. h4 Nd5 20. h5 Raf8 21. Ng5 Rg7 22. hxg6 hxg6 23. Be4 Rf5 24. Bxf5 exf5 25. Qd3 Nc7 26. Qc4+ Kf8 27. Rb1 Qb4 28. Qc2 Qb5 29. Re1 Ne6 30. Nf3 c4 31. b3 Qd5 32. Kg2 c3 33. Rd1 c5 34. Qxc3 Bb5 35. Ba3 Kf7 36. Rd2 Rh7 37. Rbd1 g5 38. Qc2 Kg6 39. Qxc5 Qxc5 40. Bxc5 Bxc5 41. Rd6 Bxd6 42. Rxd6 Re7 43. Nd4 Bd7 44. g4 Kh7 45. gxf5 Nxf4+ 46. Kf3 Bc6+ 47. Nxc6 bxc6 48. Ke4 Kg8 49. Rxc6 Ne2 50. f6 Ng3+ 51. Kd5 Nf5 52. fxe7 Nxe7+ 53. Kd6 Nxc6 54. Kxc6 Kf7 55. Kd7 1-0

[Event "NY Presidents Day Schiller-C 2024"]
[Site "New York"]
[Date "2024.02.17"]
[Round "3.8"]
[White "Liu, Kelsey"]
[Black "Lapshun, Yury"]
[Result "0-1"]
[ECO "B54"]
[WhiteElo "2004"]
[BlackElo "2337"]
[Annotator "TA"]
[PlyCount "82"]
[EventDate "2024.02.14"]
[EventType "schev"]
[EventCountry "USA"]
[SourceTitle "playchess.com"]
[Source "ChessBase"]
[SourceQuality "1"]
[TimeControl "5400+30"]

1. e4 c5 2. Nc3 Nc6 3. Nf3 d6 4. d4 cxd4 5. Nxd4 e5 6. Nf5 Bxf5 7. exf5 Qd7 8. Nd5 Nf6 {[%emt 0:03:13] White has an edge.} 9. Bb5 Nxd5 $1 10. Qxd5 Rc8 11. O-O a6 12. Ba4 Qxf5 13. f4 Qe6 14. Qd1 d5 15. fxe5 Bc5+ 16. Kh1 O-O 17. Bxc6 (17. Bf4 $11) 17... Rxc6 $17 18. Bf4 Rb6 19. Rb1 Rb4 20. c3 {[%emt 0:00:27] Prevents Rd4} Re4 21. Qd3 Rd8 22. Rbd1 {[%emt 0:02:17] [#] Qxe4 is the strong threat.} Rd7 23. h3 b5 24. Qf3 Bb6 {[%emt 0:02:55] Black is more active.} 25. Rd2 (25. a3 $15) 25... Bc7 ({Better is} 25... f5 $17 26. a3 (26. exf6 Rf7 $17) 26... h6) 26. Rfd1 (26. Rd4 $11 {was the only way to keep the balance.}) 26... f5 27. Re2 Bxe5 28. Bxe5 Qxe5 29. Rxe4 {[%emt 0:01:35][%mdl 8192] This move loses the game for White.} (29. Rdd2 $17 {was called for.}) 29... dxe4 $19 30. Qe2 Rxd1+ 31. Qxd1 {[%emt 0:00:02][%mdl 4096] Endgame. KQ-KQ} e3 {[%emt 0:00:00] White must now prevent ...e2.} 32. Qe2 Qe4 33. b3 g5 34. c4 bxc4 35. bxc4 g4 36. hxg4 fxg4 {[%emt 0:00:00] ...g3 would now be deadly.} 37. Kh2 h5 38. Kg3 {[%emt 0:00:35] [#] Wards off Qf4+} (38. c5 $19 Qe5+ 39. g3 Qxc5 40. Qd3) 38... Kf7 (38... Qe5+ $142 39. Kh4 Kg7 40. c5 Qf6+ (40... Qxc5 $2 41. Qb2+ Kg6 42. Qb8 $19) 41. Kxh5 Qf5+ 42. Kh4 Qf2+ (42... Qxc5 43. Kxg4 Qd4+ 44. Kf3 $11) 43. Qxf2 exf2 44. Kg5 f1=Q (44... f1=B $2 45. g3 $19) 45. c6 Qxg2 46. c7 Qc2 (46... Qxa2 47. c8=Q $11) 47. Kxg4 Kf6 (47... Qxc7 {leads to mate.} 48. Kf5 Qe7 49. Kf4 Kf6 50. Kf3 Kf5 51. Kf2 Kf4 52. a4 Qe3+ 53. Kg2 Qg3+ 54. Kh1 Kf3 55. a5 Qg2#) 48. c8=R Qxc8+ 49. Kf4 Qc4+ 50. Ke3 Ke5 (50... Qxa2 51. Kd4 Qc2 52. Kd5 Qc3 53. Ke4 Qd2 54. Kf3 Kf5 55. Kg3 Qe2 56. Kh3 Kf4 57. Kh4 Qh2#) 51. Kf3 Qc3+ (51... Qxa2 52. Ke3 Qc2 53. Kf3 Qc3+ 54. Ke2 Kf4 55. Kd1 Qb2 56. Ke1 Ke3 57. Kf1 Qf2#) 52. Kf2 Kf4 53. Kg2 Qb2+ 54. Kh1 Kg3 55. Kg1 Qg2#) 39. Qf1+ Kg6 {[%emt 0:00:00] Black mates.} 40. Qe2 Qe5+ 41. Kh4 Qh2# {[%emt 0:00:00] Weighted Error Value: White=0.56/Black=0.28 (precise) .  Loses game:     	White=1     	---        Mistake:       	White=3     	Black=2      Inaccurate:     	White=2     	Black=1      OK:         	White=6     	Black=13     Best:        	White=2     	---        Strong:       	---       	Black=1} 0-1

[Event "NY Presidents Day Schiller-C 2024"]
[Site "New York"]
[Date "2024.02.17"]
[Round "3.9"]
[White "Campos Jimenez, Augusto Cesar"]
[Black "Gaw, Chloe"]
[Result "1-0"]
[ECO "B30"]
[WhiteElo "2288"]
[BlackElo "1928"]
[Annotator "TA"]
[PlyCount "59"]
[EventDate "2024.02.14"]
[EventType "schev"]
[EventCountry "USA"]
[SourceTitle "playchess.com"]
[Source "ChessBase"]
[SourceQuality "1"]
[TimeControl "5400+30"]

1. e4 c5 2. Nc3 Nc6 3. Bb5 Nd4 4. Bc4 e6 5. Nf3 Ne7 6. Nxd4 cxd4 7. Ne2 Nc6 8. d3 Be7 9. O-O O-O {[%emt 0:00:23] White has an edge.} 10. a3 a6 11. Ba2 b5 12. f4 d5 (12... a5 $14) 13. exd5 $16 exd5 14. f5 Bf6 (14... Bb7 $14 {feels stronger.}) 15. Ng3 Ne7 16. Qg4 {[%emt 0:05:18] Black must now prevent Nh5.} Kh8 {[%emt 0:08:30] [#]} (16... g6 $16) 17. Nh5 $1 $18 Nxf5 (17... Ng8 $142 18. Nxf6 Nxf6 19. Qxd4 Rb8) 18. Rxf5 Qd7 19. Ng3 (19. Bxd5 Qxf5 20. Qxf5 Bxf5 $16) 19... g6 {[%emt 0:05:19] [#] Prevents Qh5.} (19... Qe8 {is a better chance.} 20. Bxd5 g6) 20. Bg5 $1 Bg7 {[%emt 0:04:46] [#]} 21. Qh4 $1 gxf5 (21... Qc7 22. Rf2) 22. Bf6 {[%emt 0:00:50] White wants to mate with Qh6.} Qe6 23. Bxg7+ (23. Bxd4 Qg6 $11) 23... Kxg7 {[%emt 0:00:06] [#]} 24. Bxd5 $1 Qe3+ 25. Kf1 {[%emt 0:00:15] And now Nh5+ would win.} Be6 26. Nh5+ Kg6 27. Bxa8 (27. Qf6+ Kxh5 28. Bf3+ (28. Bxa8 $2 Rxa8 29. Qg7 h6 $19) 28... Qxf3+ 29. gxf3 Rg8 $18) 27... Rxa8 28. Nf4+ Kg7 29. Re1 Qd2 30. Qg5+ {[%emt 0:00:08] White took control after the opening.   Weighted Error Value: White=0.21 (precise) /Black=0.83.  Mistake:       	---       	Black=5      Inaccurate:     	White=1     	---        OK:         	White=4     	Black=3      Best:        	White=2     	---        Strong:       	White=2     	---} (30. Nxe6+ $142 fxe6 31. Qe7+ (31. Qxd4+ Kg8 $18) 31... Kh8 32. Qf6+ (32. Qxe6 Qf4+ 33. Kg1 Qg5 $18) 32... Kg8 33. Qxe6+ (33. Rxe6 Qf4+ 34. Kg1 Qc1+ 35. Kf2 Qf4+ 36. Ke2 Rc8 $16) 33... Kg7 34. Qd7+ (34. Qxf5 $2 {perishes.} Rf8 $19) 34... Kh8 35. Qxd4+ (35. Qxf5 Qh6 $18) 35... Kg8 36. Qd5+ Kf8 37. Qxa8+ Kf7 38. Qe8+ (38. Qxa6 Qf4+ 39. Kg1 Qd4+ 40. Kh1 Qg4 $18) 38... Kf6 39. Re6+ Kg5 40. Qg8+ (40. Rxa6 Qd1+ 41. Qe1 Qxe1+ 42. Kxe1 h5 43. Rb6 f4 44. Rxb5+ Kg6) 40... Kh5 41. Qxh7+ Kg4 42. Qh3+ (42. Rxa6 Qd1+ 43. Kf2 Qd2+ 44. Kf1 Qd1+ 45. Kf2 Qd2+ 46. Kf1 $11) 42... Kg5 43. Qh6+ (43. Rxa6 Qd1+ 44. Kf2 Qxc2+ 45. Ke3 Qc1+ 46. Kd4 Qxb2+ 47. Kd5 Qa2+ 48. Kd6 Qf2 $18) 43... Kg4 44. Rg6+ Qg5 45. Qxg5#) 1-0

[Event "NY Presidents Day Schiller-C 2024"]
[Site "New York"]
[Date "2024.02.17"]
[Round "4.1"]
[White "Shangin, Lev"]
[Black "Czebe, Attila"]
[Result "0-1"]
[ECO "B07"]
[WhiteElo "1866"]
[BlackElo "2346"]
[Annotator "TA"]
[PlyCount "90"]
[EventDate "2024.02.14"]
[EventType "schev"]
[EventCountry "USA"]
[SourceTitle "playchess.com"]
[Source "ChessBase"]
[SourceQuality "1"]
[TimeControl "5400+30"]

1. d4 d6 2. e4 Nf6 3. Nc3 a6 4. Bd3 e5 5. Nge2 Be7 6. f3 O-O 7. Be3 exd4 8. Nxd4 {[%emt 0:01:17] The position is equal.} c5 9. Nde2 b5 10. Nf4 Nbd7 11. a4 b4 12. Ncd5 Nxd5 13. Nxd5 Bh4+ 14. g3 Bf6 15. Rb1 Bb7 16. Nxf6+ Qxf6 17. O-O Rfe8 18. c4 bxc3 19. bxc3 Bc6 20. c4 Rab8 21. Kg2 Rb4 22. Rxb4 cxb4 23. Qc2 (23. a5 $11) 23... Nc5 24. Bxc5 (24. a5 $17 {is a better defense.}) 24... dxc5 $19 25. Rd1 Rd8 ({Black should try} 25... a5 $19 26. Be2 g5) 26. Be2 (26. a5 $17) 26... Rd4 27. Rxd4 Qxd4 $17 {[%emt 0:00:09][%mdl 4096] Endgame. KQB-KQB} ({But not} 27... cxd4 $6 28. c5 $11) 28. Qd1 Kf8 $36 {[%emt 0:01:03][%mdl 2048] Black is really pushing. Black has more active pieces.} 29. Qxd4 cxd4 {[%emt 0:00:06] KB-KB} 30. Bd1 Ke7 31. Kf2 Kd6 32. Ke2 Kc5 33. Kd3 {[%emt 0:00:17] [#]} (33. Bb3 $17) 33... a5 ({Better is} 33... Bd7 $1 $19 {[%cal Rd7h3] Strongly threatening ...Bh3.} 34. g4 g6) 34. f4 $2 {[%emt 0:02:32][%mdl 8192] [#] This move loses the game for White.} (34. g4 $17 {is tougher.}) 34... f5 $1 $19 35. exf5 Bg2 {[%emt 0:00:08] Hoping for ...Bf1+.} 36. h4 (36. Be2 $142 b3 37. g4) 36... Bf1+ 37. Kd2 Bxc4 38. g4 b3 39. Kc1 Kb4 {[%emt 0:00:07][%cal Ob4c3] ( -> ...Kc3!)} 40. Kb2 Kxa4 {[%emt 0:00:11] Black mates.} 41. g5 Kb4 42. h5 a4 43. h6 a3+ 44. Ka1 b2+ 45. Kb1 Kc3 {[%emt 0:00:03] Weighted Error Value: White=0.75/Black=0.13 (very precise) .  Loses game:     	White=1     	---        Mistake:       	White=5     	Black=2      Inaccurate:     	White=1     	Black=3      OK:         	White=9     	Black=11     Best:        	---       	Black=2      Brilliant:      	---       	Black=1} 0-1

[Event "NY Presidents Day Schiller-C 2024"]
[Site "New York"]
[Date "2024.02.17"]
[Round "4.2"]
[White "Pagan, Jonathan"]
[Black "Quesada Vera, Liordis"]
[Result "1/2-1/2"]
[ECO "B38"]
[WhiteElo "2018"]
[BlackElo "2337"]
[Annotator "RC"]
[PlyCount "36"]
[EventDate "2024.02.14"]
[EventType "schev"]
[EventCountry "USA"]
[SourceTitle "playchess.com"]
[Source "ChessBase"]
[SourceQuality "1"]
[TimeControl "5400+30"]

1. c4 c5 2. Nf3 g6 3. e4 Bg7 4. d4 cxd4 5. Nxd4 Nc6 6. Be3 d6 7. Nc3 Bd7 8. Be2 Nf6 9. h3 O-O 10. O-O Nxd4 11. Bxd4 Bc6 12. Qc2 a5 13. Rad1 Qc7 14. Rfe1 Nd7 15. Bxg7 Kxg7 16. Bf1 Nc5 17. Qd2 Rad8 18. Nd5 Bxd5 1/2-1/2

[Event "NY Presidents Day Schiller-C 2024"]
[Site "New York"]
[Date "2024.02.17"]
[Round "4.3"]
[White "Ho, Carter"]
[Black "Perez Avendano, Paul Omar"]
[Result "0-1"]
[ECO "B80"]
[WhiteElo "2180"]
[BlackElo "2213"]
[Annotator "RC"]
[PlyCount "100"]
[EventDate "2024.02.14"]
[EventType "schev"]
[EventCountry "USA"]
[SourceTitle "playchess.com"]
[Source "ChessBase"]
[SourceQuality "1"]
[TimeControl "5400+30"]

1. e4 c5 2. Nf3 d6 3. d4 cxd4 4. Nxd4 Nf6 5. Nc3 a6 6. f3 e6 7. Be3 Qc7 8. Qd2 h5 9. O-O-O Nbd7 10. Nb3 b5 11. a3 Bb7 12. Ne2 d5 13. exd5 Nxd5 14. Bd4 b4 15. a4 Bc6 16. a5 Ba4 17. Kb1 h4 18. f4 N7f6 19. Be5 Bd6 20. Bxd6 Qxd6 21. f5 O-O 22. g4 Rad8 23. Ned4 e5 24. Nf3 Ne4 25. Qxd5 Qxd5 26. Rxd5 Rxd5 27. Bc4 Bxb3 28. cxb3 Nd2+ 29. Kc2 Nxc4 30. bxc4 Rxa5 31. Re1 Rc5 32. b3 Re8 33. Ng5 Ra5 34. Kb2 Rd8 35. Ne4 Rd3 36. c5 Ra3 37. c6 Rdxb3+ 38. Kc2 Rc3+ 39. Nxc3 Rxc3+ 40. Kb2 Rxc6 41. Rxe5 f6 42. Rd5 Rc4 43. h3 Rc3 44. Rd8+ Kh7 45. Rd7 Kh6 46. g5+ fxg5 47. Rd6+ Kh5 48. Rg6 Rf3 49. Rxg7 Rxf5 50. Kb3 a5 0-1

[Event "NY Presidents Day Schiller-C 2024"]
[Site "New York"]
[Date "2024.02.17"]
[Round "4.4"]
[White "Andrianov, Nikolai"]
[Black "Tang, Benjamin"]
[Result "1/2-1/2"]
[ECO "D75"]
[WhiteElo "2266"]
[BlackElo "2167"]
[Annotator "TA"]
[PlyCount "30"]
[EventDate "2024.02.14"]
[EventType "schev"]
[EventCountry "USA"]
[SourceTitle "playchess.com"]
[Source "ChessBase"]
[SourceQuality "1"]
[TimeControl "5400+30"]

1. d4 Nf6 2. Nf3 g6 3. g3 Bg7 4. Bg2 c5 5. c4 O-O 6. O-O cxd4 7. Nxd4 d5 8. cxd5 Nxd5 9. Nc3 Nxc3 10. bxc3 Nc6 11. Nxc6 bxc6 12. Qxd8 Rxd8 {[%emt 0:00:05] The position is equal.} 13. Bxc6 Rb8 14. Be3 Be6 15. Bxa7 Rbc8 $1 {[%emt 0:00:05] An uneventful encounter.   Weighted Error Value: White=0.01 (flawless) /Black=0.00 (flawless) .  OK:         	White=1     	Black=1      Strong:       	---       	Black=1} 1/2-1/2

[Event "NY Presidents Day Schiller-C 2024"]
[Site "New York"]
[Date "2024.02.17"]
[Round "4.5"]
[White "Plat, Vojtech"]
[Black "Meduri, Aakaash"]
[Result "1-0"]
[ECO "C41"]
[WhiteElo "2516"]
[BlackElo "1956"]
[Annotator "TA"]
[PlyCount "61"]
[EventDate "2024.02.14"]
[EventType "schev"]
[EventCountry "USA"]
[SourceTitle "playchess.com"]
[Source "ChessBase"]
[SourceQuality "1"]
[TimeControl "5400+30"]

1. e4 d6 2. d4 Nf6 3. Nc3 e5 4. Nf3 Nbd7 5. Bc4 Be7 6. a4 O-O 7. a5 c6 8. O-O h6 9. h3 Nxe4 10. Nxe4 d5 {[%emt 0:00:11] White is slightly better.} 11. Bb3 dxe4 12. Nxe5 Nxe5 13. dxe5 Bf5 14. Qh5 Qc8 ({Black should try} 14... Bg5 $1 $14) 15. Be3 {[%emt 0:00:50] White is more active.} (15. Re1 $16) 15... Be6 $11 16. Ra4 $36 {[%emt 0:00:26][%mdl 2048] Black is under pressure.} Bxb3 17. cxb3 Qe6 18. Rxe4 f5 {[%emt 0:00:38] Wards off Qg4} 19. Rc4 b5 (19... Qxe5 $11 20. a6 bxa6) 20. axb6 $16 axb6 21. Bxb6 Rfb8 22. Bd4 Rxb3 23. Qe2 Rab8 24. Rfc1 c5 25. Bc3 Rd8 (25... Ra8 $16 {is a better defense.} 26. Rb1 g5) 26. Ra4 $18 Rb6 27. Ra7 Rc6 28. Rd1 {[%emt 0:01:58] Rxd8+ would now be deadly.} Rcd6 29. Rxd6 (29. exd6 Qxe2 30. Re1 (30. Rxe7 $2 {too greedy.} Qxd1+ 31. Re1 Qxd6 $19) 30... Qxe1+ 31. Bxe1 Bxd6 $14) 29... Rxd6 30. Kh2 Bg5 $2 {[%emt 0:03:47] [#]} (30... Rd7 {was called for.} 31. Ra6 Rd6) 31. Rxg7+ $3 {[%emt 0:02:14][%mdl 512] Weighted Error Value: White=0.13 (very precise) /Black=0.35.  Mistake:       	White=1     	Black=4      Inaccurate:     	---       	Black=2      OK:         	White=8     	Black=8      Best:        	White=1     	Black=3} 1-0

[Event "NY Presidents Day Schiller-C 2024"]
[Site "New York"]
[Date "2024.02.17"]
[Round "4.6"]
[White "Martin Del Campo Cardenas, Roberto Abel"]
[Black "Yoo, Eugene"]
[Result "1/2-1/2"]
[ECO "B32"]
[WhiteElo "2205"]
[BlackElo "2168"]
[Annotator "RC"]
[PlyCount "30"]
[EventDate "2024.02.14"]
[EventType "schev"]
[EventCountry "USA"]
[SourceTitle "playchess.com"]
[Source "ChessBase"]
[SourceQuality "1"]
[TimeControl "5400+30"]

1. e4 c5 2. Nf3 Nc6 3. d4 cxd4 4. Nxd4 e5 5. Nb5 d6 6. N1c3 a6 7. Na3 Be6 8. Be3 Rb8 9. Nd5 b5 10. c4 b4 11. Nc2 Nf6 12. Bg5 Be7 13. Bxf6 Bxf6 14. Nxf6+ gxf6 15. b3 a5 1/2-1/2

[Event "NY Presidents Day Schiller-C 2024"]
[Site "New York"]
[Date "2024.02.17"]
[Round "4.7"]
[White "Podavonov, Alisher"]
[Black "Liu, Kelsey"]
[Result "1-0"]
[ECO "E11"]
[WhiteElo "2175"]
[BlackElo "2004"]
[Annotator "RC"]
[PlyCount "91"]
[EventDate "2024.02.14"]
[EventType "schev"]
[EventCountry "USA"]
[SourceTitle "playchess.com"]
[Source "ChessBase"]
[SourceQuality "1"]
[TimeControl "5400+30"]

1. d4 Nf6 2. c4 e6 3. g3 d5 4. Nf3 Bb4+ 5. Bd2 Bxd2+ 6. Qxd2 O-O 7. Bg2 c6 8. O-O Nbd7 9. Qc2 b6 10. Nbd2 Bb7 11. e4 dxe4 12. Nxe4 Nxe4 13. Qxe4 Nf6 14. Qe3 Qc7 15. c5 Nd5 16. Qe4 Rfd8 17. Rac1 Rac8 18. Rfe1 Nf6 19. Qh4 Qd7 20. a3 Qd5 21. b4 Qb3 22. h3 Rc7 23. Re3 Qb2 24. Rd1 Rcd7 25. Red3 Ba6 26. R3d2 Qxa3 27. Ne5 Rc7 28. Ng4 Qxb4 29. Nxf6+ gxf6 30. Qxf6 Rdd7 31. h4 Bc4 32. h5 Kf8 33. Be4 Bb3 34. Bxh7 Bxd1 35. Rxd1 Qa4 36. Rd3 bxc5 37. h6 Rxd4 38. Be4 Rxd3 39. h7 Rxg3+ 40. fxg3 Qd1+ 41. Kf2 Qd2+ 42. Kf3 Qd1+ 43. Kf4 e5+ 44. Kg5 Qd2+ 45. Kg4 Qd1+ 46. Kh4 1-0

[Event "NY Presidents Day Schiller-C 2024"]
[Site "New York"]
[Date "2024.02.17"]
[Round "4.8"]
[White "Gaw, Chloe"]
[Black "Lapshun, Yury"]
[Result "0-1"]
[ECO "E53"]
[WhiteElo "1928"]
[BlackElo "2337"]
[Annotator "TA"]
[PlyCount "114"]
[EventDate "2024.02.14"]
[EventType "schev"]
[EventCountry "USA"]
[SourceTitle "playchess.com"]
[Source "ChessBase"]
[SourceQuality "1"]
[TimeControl "5400+30"]

1. d4 Nf6 2. c4 e6 3. Nc3 Bb4 4. e3 O-O 5. Bd3 d5 6. Nf3 c5 7. cxd5 exd5 8. dxc5 Nc6 9. h3 Be6 {White has an edge.} 10. O-O Rc8 11. Bd2 (11. Na4 $14) 11... Bxc5 $11 12. Nb5 Ne4 13. Bc3 Nxc3 (13... a6 $5 14. Nbd4 $8 Nxc3 15. bxc3 g6 $11) 14. bxc3 Qf6 15. Nbd4 Ne5 16. Nxe5 Qxe5 17. Qb1 Bd6 18. Nf3 {[%emt 0:00:30] Inhibits Qh2+.} Qh5 19. Be2 b6 (19... Rxc3 20. Qxb7 Qg6 21. Kh1 $11) 20. Qd3 Rc5 21. c4 Rd8 22. cxd5 Bxd5 (22... Qxd5 {simplifies} 23. Qxd5 Bxd5 24. Rfd1 Kf8) 23. Qd4 (23. Rac1 $11) 23... Be6 {[%emt 0:00:30] This pair of bishops is nice.} (23... Qh6 $15 24. Qa4 Ra5) 24. Rfd1 Rd7 25. Qe4 Bf8 (25... g6 $11) 26. Nd4 (26. Rxd7 $14 Bxd7 27. Qb7) 26... Bd5 27. Bxh5 Bxe4 28. Bf3 Bxf3 29. Nxf3 Rdc7 30. Rd2 f6 31. Rad1 Kf7 32. Kf1 Be7 33. Ke2 b5 34. Nd4 a6 35. Nb3 Rc4 36. Rd4 Bb4 37. Rxc4 bxc4 {[%emt 0:00:30][%mdl 4096] Endgame. KRB-KRN} 38. Nd4 Bc3 39. Rc1 Bxd4 40. exd4 {[%emt 0:00:30] KR-KR} Ke6 41. Kd2 Kd5 42. Kc3 Re7 43. Rc2 {[%emt 0:00:30] Wards off Re2} (43. Rb1 $11) 43... Re1 $17 {[%emt 0:00:30] Black is more active.} 44. Rd2 (44. Rb2 $142) 44... h5 45. h4 (45. Rb2 $17) 45... g5 46. hxg5 $2 (46. Rb2) 46... fxg5 $19 47. g3 $2 (47. f3) 47... h4 48. gxh4 gxh4 {[%emt 0:00:30] [#] And now ...Rc1+ would win.} 49. f4 Re3+ 50. Kb4 Rf3 {[%emt 0:00:30] Prevents Rf2.} 51. Ka5 Rxf4 {[%emt 0:00:30] aiming for ...c3.} 52. Kxa6 c3 53. Rc2 Kxd4 {[%emt 0:00:30] [#] ( -> ...Kd3)} 54. Kb5 Kd3 {[%emt 0:00:30] Black mates.} 55. Rh2 c2 56. Rh3+ Ke2 57. Rc3 Kd2 {[%emt 0:00:30] Weighted Error Value: White=0.51/Black=0.15 (very precise) .  Mistake:       	White=8     	Black=2      Inaccurate:     	---       	Black=3      OK:         	White=17    	Black=18     Best:        	White=1     	Black=1} 0-1

[Event "NY Presidents Day Schiller-C 2024"]
[Site "New York"]
[Date "2024.02.17"]
[Round "4.9"]
[White "Mou, Iris"]
[Black "Campos Jimenez, Augusto Cesar"]
[Result "0-1"]
[ECO "C07"]
[WhiteElo "2128"]
[BlackElo "2288"]
[Annotator "TA"]
[PlyCount "106"]
[EventDate "2024.02.14"]
[EventType "schev"]
[EventCountry "USA"]
[SourceTitle "playchess.com"]
[Source "ChessBase"]
[SourceQuality "1"]
[TimeControl "5400+30"]

1. e4 e6 2. d4 d5 3. Nd2 c5 4. Ngf3 cxd4 5. Nxd4 Nf6 6. exd5 a6 {[%emt 0:01:22] Prevents Bb5+} 7. Bc4 Nxd5 8. N2f3 {[%emt 0:00:39] The position is equal.} Be7 9. h4 (9. O-O $142) 9... Qc7 10. Bxd5 Qa5+ 11. Bd2 Qxd5 12. Qe2 b5 13. a4 b4 ({Better is} 13... Nc6 $1 $15 14. Nxc6 Qxc6) 14. Rd1 Nd7 15. Bg5 {[%emt 0:07:25] Hoping for Bxe7.} Nf6 16. O-O {[%emt 0:11:12] aiming for Ne5.} Bb7 17. Rfe1 $1 O-O 18. Qf1 (18. Nb3 $11 Qc6 19. Na5) 18... Qa5 19. Ne5 Rac8 {[%emt 0:03:05] Repels Ndc6} ({Black should play} 19... Qxa4 $17 20. Ng4 Kh8) 20. Qe2 Qxa4 21. Nc4 {[%emt 0:02:08] [#] Wards off Qa5} (21. h5 $1 $11 {keeps the balance.}) 21... Qe8 $1 $17 {[%emt 0:03:37] Black converts the advantage convincingly.} 22. Bxf6 gxf6 23. b3 {[%emt 0:07:35] [#]} (23. Nf5 $2 exf5 24. Qxe7 Qc6 $19 (24... Qxe7 25. Rxe7 Be4 26. Rd4 $11)) (23. Na5 $17 {was necessary.} Ba8 24. Nxe6 fxe6 25. Qxe6+ Rf7 26. Rd7 Rxc2 27. Rxe7 Qxe7 28. Qxe7 Rxe7 29. Rxe7) 23... Kh8 $1 $19 24. Ne3 Rg8 25. f3 $2 (25. g3) 25... Qf8 26. Qf2 Bc5 27. h5 f5 28. Qh4 Qg7 29. Rd2 Qg5 30. Qh2 Qf6 31. Qf4 Rcd8 {[%emt 0:04:13][%cal Oc5d6] ...Bd6! would now be deadly.} 32. Red1 Rxd4 33. Rxd4 e5 34. Qxf5 Qxf5 35. Nxf5 Bxf3 {[%emt 0:00:40] This pair of bishops is nice.} 36. Kh2 Rxg2+ (36... Bxd4 37. gxf3 Rg5 38. Nxd4 Rxh5+ (38... exd4 39. h6 $17) 39. Kg3 exd4 40. Rxd4 $11) (36... Bxd1 37. Rxd1 e4 38. Kh3 $11) 37. Kh3 exd4 38. Re1 Rg5 ({And not} 38... Rxc2 39. Re8+) 39. h6 Rg8 {[%emt 0:00:56] ( -> ...Bg4+)} ({Not} 39... Rxf5 40. Re8+) 40. Ng7 Bf8 41. Rf1 Bd5 42. Rf5 d3 43. cxd3 Bxb3 44. Ra5 Bxg7 {[%emt 0:00:22] Black mates.} 45. hxg7+ Rxg7 46. Rxa6 {[%emt 0:00:06] KRB-KR} Be6+ 47. Kh4 b3 48. Rb6 Rg4+ 49. Kh5 Rg6 50. Rb5 Kg7 51. d4 h6 52. Rb8 Rg2 53. Kh4 b2 {[%emt 0:00:15] Weighted Error Value: White=1.10/Black=0.38.  Mistake:       	White=5     	Black=2      Inaccurate:     	White=4     	Black=2      OK:         	White=3     	Black=7      Best:        	---       	Black=3      Strong:       	White=1     	Black=2} 0-1